 Dungeon Crawl Stone Soup version 0.21.1-1-g345015f (webtiles) character file.

56 sking99 the Grasshopper (level 4, -3/29 HPs)
             Began as a Halfling Warper on June 20, 2018.
             Slain by a gnoll
             ... wielding a +0 spear
              (7 damage)
             ... on level 2 of the Dungeon.
             The game lasted 00:11:08 (1261 turns).

sking99 the Grasshopper (Halfling Warper)           Turns: 1261, Time: 00:11:09

Health: -3/29      AC:  4    Str: 12    XL:     4   Next: 15%
Magic:  5/7        EV: 15    Int: 11    God:
Gold:   69         SH:  0    Dex: 14    Spells: 7/7 levels left

rFire    . . .     SeeInvis .   a - +0 short sword
rCold    . . .     Gourm    .   (shield restricted)
rNeg     . . .     Faith    .   g - +0 leather armour
rPois    .         Spirit   .   (no helmet)
rElec    .         Reflect  .   (no cloak)
rCorr    .         Harm     .   r - +0 pair of gloves
MR       .....                  (no boots)
Stlth    +.........             (no amulet)
HPRegen  0.09/turn              (no ring)
MPRegen  0.10/turn              (no ring)

@: no status effects
A: small, mutation resistance 1
a: no special abilities


You were on level 2 of the Dungeon.
You were not hungry.

You visited 1 branch of the dungeon, and saw 2 of its levels.

You collected 69 gold pieces.

Inventory:

Hand Weapons
 a - a +0 short sword (weapon)
 b - a +0 hunting sling
Missiles
 e - 5 tomahawks of dispersal (quivered)
 q - 21 sling bullets
Armour
 g - a +0 leather armour (worn)
 r - a +0 pair of gloves (worn)
Jewellery
 m - an uncursed amulet of guardian spirit {unknown}
Scrolls
 d - 2 scrolls of blinking
 i - 4 scrolls of identify {unknown}
 k - a scroll of noise {unknown}
 l - a scroll of teleportation {unknown}
 n - a scroll of immolation {unknown}
 p - a scroll of amnesia {unknown}
Potions
 h - a potion of curing {unknown}
 j - a potion of flight {unknown}
 o - a potion of lignification {unknown}
Books
 c - a book of Spatial Translocations

   Spells                             Type                      Level
   a - Blink                          Translocation                2
   b - Shroud of Golubria             Charms/Translocation         2
   c - Lesser Beckoning               Translocation                3
   d - Gell's Gravitas                Translocation                3
   e - Teleport Other                 Translocation                3
   f - Passage of Golubria            Translocation                4
Comestibles
 f - 4 rations


   Skills:
 + Level 2.2 Fighting
 - Level 2.4 Short Blades
 * Level 3.0(3.2) Slings
 - Level 1.0(1.6) Throwing
 - Level 1.1 Armour
 + Level 2.8 Dodging
 + Level 2.0 Spellcasting
   Level 3.2 Translocations


You had 7 spell levels left.
You didn't know any spells.

Dungeon Overview and Level Annotations

Branches:
Dungeon (2/15)

Altars:
Nemelex Xobeh


Innate Abilities, Weirdness & Mutations

You are small and have problems with some larger weapons.
You are somewhat resistant to further mutation.


Message History

You kill the gnoll!
You hit the gnoll.
The gnoll is moderately wounded.
The gnoll closely misses you. The gnoll completely misses you.
There is an open door here.
You hit the gnoll.
The gnoll is severely wounded.
The gnoll closely misses you. The gnoll hits you but does no damage.
You hit the gnoll.
The gnoll is almost dead.
The gnoll hits you from afar with a spear.
The gnoll hits you with a club.
* * * LOW HITPOINT WARNING * * *
You hit the gnoll.
You kill the gnoll!
Your Slings skill increases to level 3!
Your Spellcasting skill increases to level 2!
You have reached level 4!
The gnoll hits you from afar with a spear!
You die...

##### ###### #...# #....# #...#
#....# ##### #...# #....# #...#
#...# #....# #...# #...#
##....#####...###...##########.[
#.....'........@)..........)).(.
##.....###########g..##########..
#......# #...# #......# #...#
.......# ##### ##.#...#
.....#.####.. ##>..........
####.######..


You could see a gnoll.

Vanquished Creatures
  2 gnolls (D:2)
  A dart slug (D:1)
  A leopard gecko (D:1)
  5 bats
  3 giant cockroaches
  2 goblins (D:1)
  3 hobgoblins
  6 kobolds (D:1)
  A ball python (D:1)
  3 frilled lizards
  5 rats (D:1)
32 creatures vanquished.

Notes
Turn   | Place    | Note
-------+----------+-------------------------------------------
     0 | D:1      | sking99 the Halfling Warper began the quest for the Orb.
     0 | D:1      | Reached XP level 1. HP: 14/14 MP: 3/3
   112 | D:1      | Reached skill level 1 in Slings
   123 | D:1      | Reached XP level 2. HP: 17/19 MP: 4/4
   205 | D:1      | Found a sparkling altar of Nemelex Xobeh.
   520 | D:1      | Reached XP level 3. HP: 14/24 MP: 5/5
  1261 | D:2      | Reached XP level 4. HP: 4/29 MP: 5/7
  1261 | D:2      | Slain by a gnoll

Skill      XL: |  1  2  3 |
---------------+----------+-----
Slings         | 1 2 3 |  3.0
Fighting       | 2 |  2.2
Spellcasting   | 2 |  2.0
Short Blades   | |  2.4
Throwing       | |  1.0
Armour         | |  1.1
Dodging        | |  2.8
Translocations | |  3.2

Action                   |  1- 3 |  4- 6 || total
-------------------------+-------+-------++-------
Melee: Short sword       |   130 |       ||   130
 Fire: Hunting sling     |    12 |       ||    12
  Eat: Ration            |     1 |       ||     1
Armor: Leather armour    |    34 |       ||    34
Dodge: Dodged            |   106 |       ||   106
